cohdb
Replays
Latest Replays
All Replays
Popular Replays
Top Player Replays
Match Explorer
How It Works
Community
CoH3 Stats
Reddit
Sign in to upload your games and track your stats! →
Sign in with Steam
DAK vs USF 1.4
Match 15662147
Overview
Messages
Build Orders
End
Construct Barracks
Selects Armored Battlegroup
Selects Fast Deploy
Selects Veteran Crews
1⁄4-ton 4x4 Truck
Riflemen Squad
Riflemen Squad
Riflemen Squad
Grenade Package
Infantry Support Center
Construct Medical Station
Selects Field Repairs
Construct Motor Pool
M8 Greyhound Armored Car
Engineer Squad
M1 Anti-tank Gun Team
M24 Chaffee Light Tank
Selects War Machine
Selects Seek and Destroy
M24 Chaffee Light Tank
Advanced Logistics
M24 Chaffee Light Tank
Construct Weapon Support Center
M1918 Browning Automatic Rifles
M1919 Machine Gun Team
AI Takeover
a_rotator
Toiletguy
0
0
Comments
sign in to comment!
No comments posted yet!